 Dungeon Crawl Stone Soup version 0.31.0-12-g77e489cdc1 (webtiles) character file.

Game seed: 17461952846405629326

210 PaiMei the Grave Robber (level 5, -3/38 HPs)
             Began as a Demonspawn Necromancer on Mar 6, 2024.
             Incinerated by a bombardier beetle (10 damage)
             ... with a burning spray
             ... on level 4 of the Dungeon.
             The game lasted 00:04:30 (3864 turns).

PaiMei the Grave Robber (Demonspawn Necromancer)    Turns: 3864, Time: 00:04:31

Health: -3/38      AC:  4    Str:  9    XL:     5   Next: 56%
Magic:  4/9        EV: 13    Int: 17    God:
Gold:   227        SH:  0    Dex: 19    Spells: 6/10 levels left

rFire   . . .        o - +0 hand axe (heavy)
rCold   . . .        (no shield)
rNeg    . . .        a - +0 robe
rPois   .            e - +0 helmet
rElec   .            (no cloak)
rCorr   .            (no gloves)
SInv    .            q - +0 pair of boots
Will    .....        (no amulet)
Stlth   +            d - +6 ring of dexterity
HPRegen 0.26/turn    (no ring)
MPRegen 0.11/turn

%: no passive effects
@: on fire, glowing
A: spiny 1
a: no special abilities


You were on level 4 of the Dungeon.
You visited 1 branch of the dungeon, and saw 4 of its levels.

You collected 227 gold pieces.

Inventory:

Hand Weapons
 o - a +0 heavy hand axe (weapon)
Armour
 a - a +0 robe (worn)
 e - a +0 helmet (worn)
 q - a +0 pair of boots (worn)
Jewellery
 d - a +6 ring of dexterity (left hand)
Scrolls
 f - 2 scrolls of identify {unknown}
 g - 2 scrolls of vulnerability {unknown}
 h - 3 scrolls of revelation {unknown}
 j - a scroll of immolation {unknown}
 k - a scroll of fog {unknown}
 n - a scroll of fear {unknown}
 r - a scroll of brand weapon {unknown}
Potions
 b - a potion of magic
 c - 2 potions of haste {unknown}
 i - a potion of might {unknown}
 l - a potion of brilliance {unknown}
 m - a potion of mutation {unknown}
 p - 2 potions of attraction {unknown}
 s - 2 potions of lignification {unknown}


   Skills:
 + Level 2.2 Fighting
 + Level 3.0 Dodging
 - Level 2.0 Stealth
 + Level 3.1 Spellcasting
 + Level 5.3 Necromancy


You had 6 spell levels left.
You knew the following spells:

 Your Spells              Type           Power      Damage    Failure   Level
a - Necrotise             Necr           80%        1d8       1%          1
b - Vampiric Draining     Necr           20%        2d7       5%          3

Your spell library contained the following spells:

 Spells                   Type           Power      Damage    Failure   Level
 Animate Dead             Necr           20%        N/A       19%         4
 Inner Flame              Hex/Fire       2%         N/A       45%         3
 Curse of Agony           Necr           20%        N/A       45%         5
 Irradiate                Conj/Alch      1%         3d12      99%         5
 Ignition                 Fire           1%         3d3       100%        8
 Chain Lightning          Conj/Air       1%         3d1       100%        9
 Fire Storm               Conj/Fire      1%         7d1       100%        9
 Shatter                  Erth           1%         3d5*      100%        9


Dungeon Overview and Level Annotations

Branches:
Dungeon (4/15)
 Temple: D:4-7

Altars:
Yredelemnul

Annotations:
D:2 1 runed translucent door, Crazy Yiuf


Innate Abilities, Weirdness & Mutations

You are partially covered in sharp spines.


Message History

Casting: Necrotise (safe; 1% risk of failure)
Confirm with . or Enter, or press ? or * to list all spells.
Aiming: Necrotise (safe; 1% risk of failure)
Press: ? - help, Shift-Dir - straight line, f - bombardier beetle
Aim: a bombardier beetle (lightly wounded, ally target, chance to affect: 78%)
The bombardier beetle writhes in agony.
The liquid fire burns you!
Your adder skeleton bites the bombardier beetle but does no damage.
Casting: Necrotise (safe; 1% risk of failure)
Confirm with . or Enter, or press ? or * to list all spells.
Aiming: Necrotise (safe; 1% risk of failure)
Press: ? - help, Shift-Dir - straight line, f/p - bombardier beetle
Aim: a bombardier beetle (moderately wounded, not watching you, ally target, chance to affect: 78%)
The bombardier beetle writhes in agony.
The liquid fire burns you!
Your adder skeleton closely misses the bombardier beetle.
The bombardier beetle sprays incendiary fluid at you.
The burning spray hits you.
You are even more covered in liquid fire!
You hit the bombardier beetle.
The bombardier beetle is severely wounded.
The liquid fire burns you!
* * * LOW HITPOINT WARNING * * *
Your adder skeleton bites the bombardier beetle.
Your adder skeleton closely misses the bombardier beetle.
The bombardier beetle bites your adder skeleton.
Casting: Necrotise (safe; 1% risk of failure)
Confirm with . or Enter, or press ? or * to list all spells.
Aiming: Necrotise (safe; 1% risk of failure)
Press: ? - help, Shift-Dir - straight line, f/p - bombardier beetle
Aim: a bombardier beetle (almost dead, not watching you, ally target, chance to affect: 78%)
The bombardier beetle writhes in agony.
The liquid fire burns you!
* * * LOW HITPOINT WARNING * * *
Your adder skeleton bites the bombardier beetle but does no damage.
The bombardier beetle misses you.
You slash the bombardier beetle!
You kill the bombardier beetle!
The liquid fire burns you!
You die...

.....# #.#####'#######'####......
.....###.###.....###.....###.....
####.....##.....###.....## #.....
####..#.....###.....## #.....
#..#....###.....## #....#
#..'...###.....## +....# #..#..##
###'### #....# #..#.## #.....#
#....# #..### #@.$..# #....+ ##.#
+.Z.$.+ #.#### #.# #..?..#
###..... #.# #.....# ##.#.....
#.# ###+### ##..#.....
##...'..... ##....#.<)..
##.....#..... ##.....##.####


You could see a friendly adder skeleton.

Vanquished Creatures
  A bombardier beetle (D:4)
  Natasha (thrice) (D:4)
  7 adders
  A dart slug (D:3)
  A ribbon worm (D:2)
  2 orcs
  5 endoplasms
  2 giant cockroaches (D:1)
  9 hobgoblins
  5 jackals
  A quokka (D:1)
  6 ball pythons
  7 bats
  4 frilled lizards
  2 goblins
  5 kobolds
  7 rats
68 creatures vanquished.

Vanquished Creatures (collateral kills)
  An orc (D:4)
  A hobgoblin (D:1)
2 creatures vanquished.

Grand Total: 70 creatures vanquished

Notes
Turn   | Place    | Note
-------+----------+-------------------------------------------
     0 | D:1      | PaiMei the Demonspawn Necromancer began the quest for the
                  | Orb.
     0 | D:1      | Reached XP level 1. HP: 13/13 MP: 3/3
   513 | D:1      | Gained mutation: You are partially covered in sharp spines.
                  | [demonic ancestry]
   513 | D:1      | Reached XP level 2. HP: 19/19 MP: 3/5
  1308 | D:2      | Reached XP level 3. HP: 25/25 MP: 3/6
  1501 | D:2      | Found a basalt altar of Yredelemnul.
  1556 | D:2      | Reached skill level 1 in Fighting
  2209 | D:2      | Found a runed translucent door.
  2210 | D:2      | Noticed Crazy Yiuf
  2513 | D:3      | Reached XP level 4. HP: 32/32 MP: 3/7
  2963 | D:3      | Reached skill level 5 in Necromancy
  3338 | D:4      | Learned a level 3 spell: Vampiric Draining
  3447 | D:4      | Noticed Natasha
  3452 | D:4      | Killed Natasha
  3531 | D:4      | Reached XP level 5. HP: 38/38 MP: 4/9
  3585 | D:4      | Noticed Natasha
  3615 | D:4      | Killed Natasha
  3664 | D:4      | Noticed Natasha
  3678 | D:4      | Killed Natasha
  3864 | D:4      | Incinerated by a bombardier beetle

Illustrated notes

Levels and vault maps discovered:
D:1:      nzn_arrival_crosshair, layout_loops_cross, minivault_11
D:2:      layout_basic, basic_altar, uniq_crazy_yiuf_cottage
D:3:      layout_loops_cross, chequers_serial_rivers_room_b
D:4:      layout_gridville, minmay_quadrilaterals, uniq_natasha

Skill      XL: |  1  2  3  4  5 |
---------------+----------------+-----
Stealth        | 2 |  2.0
Dodging        | 2 3 |  3.0
Fighting       | 1 2 |  2.2
Necromancy     | 5 |  5.3
Spellcasting   | 3 |  3.1

Action                     |  1- 3 |  4- 6 || total
---------------------------+-------+-------++-------
  Melee: Unarmed           |     9 |       ||     9
         Dagger            |     8 |     2 ||    10
         Hand axe          |       |     2 ||     2
   Cast: Necrotise         |    73 |    62 ||   135
 Armour: Robe              |    11 |    16 ||    27
  Dodge: Dodged            |    14 |    18 ||    32
